 Dungeon Crawl Stone Soup version 0.23.0-3-gf3c87f2 (webtiles) character file.

Game seed: 12665663759389372344

22969 xccam the Grappler (level 12, -2/138 HPs)
             Began as a Troll Monk on Feb 23, 2019.
             Slain by an 11-headed hydra (8 damage)
             ... on level 5 of the Lair of Beasts.
             The game lasted 00:22:47 (10198 turns).

xccam the Grappler (Troll Monk)                    Turns: 10198, Time: 00:22:47

Health: -2/138     AC: 11    Str: 31    XL:     12   Next: 67%
Magic:  11/11      EV: 11    Int:  6    God:
Gold:   690        SH: 17    Dex: 12    Spells: 11/11 levels left

rFire    . . .     SeeInvis .     - Unarmed
rCold    + . .     Gourm    +   S - +0 large shield
rNeg     . . .     Faith    .   j - +0 troll leather armour
rPois    +         Spirit   .   a - +0 hat
rElec    .         Reflect  .   T - +1 cloak
rCorr    .         Harm     .   (gloves unavailable)
MR       .....                  (boots unavailable)
Stlth    +.........             Z - amulet of Vitality {Regen+ HP+15}
HPRegen  1.53/turn              o - ring of poison resistance
MPRegen  0.12/turn              P - ring of protection from cold

@: mighty
A: large, unfitting armour, claws 3, fast metabolism 3, gourmand, regeneration
1, shaggy fur 1, tough skin 3
a: no special abilities


You were on level 5 of the Lair of Beasts.
You were hungry.

You visited 3 branches of the dungeon, and saw 17 of its levels.

You collected 690 gold pieces.

Inventory:

Hand Weapons
 b - a +0 hand crossbow
Missiles
 L - 41 bolts
Armour
 a - a +0 hat (worn)
 j - a +0 troll leather armour (worn)
 y - a +2 robe of magic resistance
 S - a +0 large shield (worn)
 T - a +1 cloak (worn)
Jewellery
 c - an uncursed ring of see invisible
 e - an uncursed ring of magical power {unknown}
 o - a ring of poison resistance (left claw)
 p - an uncursed ring of positive energy
 w - an uncursed amulet of the acrobat
 z - an uncursed ring of stealth
 B - an uncursed ring of protection from magic
 I - a +5 ring of dexterity
 J - an uncursed ring of flight
 P - a ring of protection from cold (right claw)
 Q - an uncursed ring of ice
 Z - the amulet of Vitality (around neck) {Regen+ HP+15}
   (You found it on level 4 of the Lair of Beasts)

   [amulet of regeneration]

   It affects your health (+15).
   It increases your rate of regeneration.
Wands
 u - a wand of acid (3)
 D - a wand of iceblast (4)
 E - a wand of random effects (16)
 M - a wand of polymorph (21)
 R - a wand of clouds (9)
 X - a wand of paralysis (10)
 Y - a wand of digging (3)
Scrolls
 g - 2 scrolls of noise
 h - 2 scrolls of random uselessness {unknown}
 i - 3 scrolls of fog {unknown}
 k - 7 scrolls of amnesia
 l - 15 scrolls of teleportation
 n - 4 scrolls of enchant armour
 r - 7 scrolls of remove curse
 v - 2 scrolls of enchant weapon {unknown}
 C - a scroll of immolation {unknown}
 F - a scroll of blinking {unknown}
 G - a scroll of fear {unknown}
 K - a scroll of holy word {unknown}
 O - 3 scrolls of magic mapping {unknown}
Potions
 d - 2 potions of curing
 f - 3 potions of cancellation
 m - 4 potions of flight
 q - a potion of agility
 s - 4 potions of brilliance
 t - a potion of resistance
 x - 2 potions of mutation
 A - a potion of might
 U - a potion of heal wounds {unknown}
 W - a potion of haste
Comestibles
 H - 30 rations


   Skills:
 - Level 9.1 Fighting
 - Level 6.0 Armour
 - Level 9.0 Dodging
 - Level 1.0 Stealth
 + Level 6.6 Shields
 - Level 12.1 Unarmed Combat


You had 11 spell levels left.
You didn't know any spells.
Your spell library contained the following spells:

 Spells                   Type           Power        Failure   Level  Hunger
 Confusing Touch          Hex            #.....       98%         1    ##.....
 Corona                   Hex            #......      98%         1    ##.....
 Freeze                   Ice            #...         98%         1    ##.....
 Infusion                 Chrm           #...         98%         1    ##.....
 Magic Dart               Conj           #...         98%         1    ##.....
 Ensorcelled Hibernation  Hex/Ice        #.....       99%         2    ###....
 Searing Ray              Conj           #.....       99%         2    ###....
 Shroud of Golubria       Chrm/Tloc      #.........   99%         2    ###....
 Song of Slaying          Chrm           #.......     99%         2    ###....
 Throw Frost              Conj/Ice       #.....       99%         2    ###....
 Confuse                  Hex            #.......     100%        3    ####...
 Dazzling Spray           Conj/Hex       #.....       100%        3    ####...
 Gell's Gravitas          Tloc           #.........   100%        3    ####...
 Ozocubu's Armour         Chrm/Ice       #.......     100%        3    ####...
 Regeneration             Chrm/Necr      #.........   100%        3    ####...
 Spectral Weapon          Hex/Chrm       #.......     100%        3    ####...
 Tukima's Dance           Hex            #.......     100%        3    ####...
 Force Lance              Conj/Tloc      #.......     100%        4    #####..
 Fulminant Prism          Conj/Hex       #.........   100%        4    #####..
 Iskenderun's Mystic Bla  Conj           #.......     100%        4    #####..
 Petrify                  Tmut/Erth      #.......     100%        4    #####..
 Summon Ice Beast         Ice/Summ       #.......     100%        4    #####..
 Throw Icicle             Conj/Ice       #.......     100%        4    #####..
 Metabolic Englaciation   Hex/Ice        #.........   100%        5    ######.
 Yara's Violent Unravell  Hex/Tmut       #.........   100%        5    ######.


Dungeon Overview and Level Annotations

Branches:
Dungeon (11/15)            Temple (1/1) D:7            Lair (5/6) D:11
 Shoals (0/4) Lair:4        Snake (0/4) Lair:4          Orc (0/2) D:9
  Slime: Lair:5-6

Altars:
Ashenzari
Cheibriados
Dithmenos
Elyvilon
Fedhas
Gozag
Hepliaklqana
Kikubaaqudgha
Makhleb
Nemelex Xobeh
Okawaru
Qazlal
Ru
Sif Muna
Trog
Uskayaw
Vehumet
Wu Jian
Xom
Yredelemnul
Zin
The Shining One


Innate Abilities, Weirdness & Mutations

You are too large for most types of armour.
You have claws for hands.
Your metabolism is lightning-fast.
You like to eat raw meat.
Your natural rate of healing is unusually fast.
You are covered in fur. (AC +1)
You have extremely tough skin. (AC +3)


Message History

The 11-headed hydra closely misses you.
The 11-headed hydra bites you but does no damage. x2
You block the 11-headed hydra's attack. x2; The 11-headed hydra bites you!
* * * LOW HITPOINT WARNING * * *
The 11-headed hydra barely misses you. You block the 11-headed hydra's attack.
The 11-headed hydra bites you.
* * * LOW HITPOINT WARNING * * *
The 11-headed hydra bites you.
* * * LOW HITPOINT WARNING * * *
The 11-headed hydra bites you.
* * * LOW HITPOINT WARNING * * *
As you read the scroll labeled PUD COGGEFISHREET, it crumbles to dust.
You hear a loud clanging noise!
It was a scroll of noise.
You hear a roar!
You hear an angry hiss.
You block the 11-headed hydra's attack. x2; The 11-headed hydra bites you.
* * * LOW HITPOINT WARNING * * *
The 11-headed hydra closely misses you. You block the 11-headed hydra's attack.
The 11-headed hydra bites you!
You die...

.......................
#...........#.........#
#.....(....#....<....##
###.....#####....##
#...##.## #..#.#
#....### #...##
###...### ....[.
#.......### .....+
#....@P...# ......
#....D.....# ........
#P..........#
#P............
#......#####...
#....... #.. #.......
## ###..###


You could see a 11-headed hydra.

Vanquished Creatures
  Harold (D:10)
  A hydra (Lair:4)
  2 two-headed ogres
  Urug (D:10)
  2 unseen horrors
  Pikel (D:9)
  A faun (D:10)
  A manticore (D:10)
  4 ugly things (D:11)
  Maurice (D:10)
  The ghost of ohad the Changer, a novice OpTm of Gozag (D:7)
  3 black mambas
  3 spiny frogs (Lair:2)
  A centaur skeleton (D:11)
  A freezing wraith (D:10)
  2 komodo dragons
  A rime drake (Lair:1)
  A troll (D:10)
  A snapping turtle (Lair:4)
  2 hippogriffs
  A wraith (D:10)
  8 wyverns
  A vampire (D:10)
  18 yaks
  2 basilisks
  A hungry ghost (D:10)
  3 nagas (Lair:4)
  Edmund (D:4)
  6 water moccasins
  5 porcupines
  An ice beast (D:7)
  7 orc warriors
  3 sky beasts
  4 slaves (D:9)
  2 phantoms
  A necrophage (D:11)
  5 ogres
  5 centaurs
  2 crocodiles (Lair:2)
  3 big kobolds
  5 bullfrogs
  2 wyvern zombies
  5 scorpions
  5 killer bees (D:10)
  2 howler monkeys
  4 wights (D:9)
  An electric eel (D:6)
  6 crimson imps
  A centaur zombie (D:10)
  3 bullfrog zombies
  3 quasits
  4 hounds
  3 orc priests (D:7)
  4 jellies
  11 orc wizards
  Crazy Yiuf (D:7)
  2 bullfrog skeletons
  5 iguanas
  14 worker ants
  A hound skeleton (D:7)
  A gnoll (D:2)
  14 adders
  3 shadow imps
  7 oozes
  An adder skeleton (D:4)
  2 adder zombies
  2 worms (D:2)
  A dart slug (D:1)
  6 leopard geckos
  57 orcs
  7 giant cockroaches
  10 goblins
  14 hobgoblins
  11 jackals
  22 kobolds
  7 quokkas
  4 ball pythons
  A ball python skeleton (D:4)
  6 bats
  4 frilled lizards
  A leopard gecko skeleton (D:5)
  8 rats
381 creatures vanquished.

Vanquished Creatures (others)
  6 plants
  2 withered plants (D:9)
8 creatures vanquished.

Grand Total: 389 creatures vanquished

Notes
Turn   | Place    | Note
-------+----------+-------------------------------------------
     0 | D:1      | xccam the Troll Monk began the quest for the Orb.
     0 | D:1      | Reached XP level 1. HP: 22/22 MP: 0/0
    80 | D:1      | Reached XP level 2. HP: 14/29 MP: 1/1
   169 | D:1      | Reached skill level 4 in Unarmed Combat
   270 | D:1      | Reached XP level 3. HP: 34/36 MP: 2/2
   615 | D:2      | Reached XP level 4. HP: 44/44 MP: 3/3
   661 | D:2      | Reached skill level 5 in Unarmed Combat
  1114 | D:3      | Found a faded altar of an unknown god.
  1383 | D:4      | Reached XP level 5. HP: 47/50 MP: 4/4
  1477 | D:4      | Reached skill level 6 in Unarmed Combat
  1515 | D:4      | Reached XP level 6. HP: 47/59 MP: 5/5
  1583 | D:4      | Reached skill level 7 in Unarmed Combat
  1655 | D:4      | Noticed Edmund
  1659 | D:4      | Killed Edmund
  1744 | D:4      | Got a scorched hunting sling
  1748 | D:4      | Identified the +3 hunting sling of Moderation {venom, rElec
                  | rPois rF- Int+5} (You found it on level 4 of the Dungeon)
  2112 | D:4      | Reached XP level 7. HP: 61/67 MP: 6/6
  2284 | D:5      | Entered Level 5 of the Dungeon
  2897 | D:5      | Reached skill level 8 in Unarmed Combat
  2995 | D:6      | Reached XP level 8. HP: 62/78 MP: 7/7
  3314 | D:6      | Found a snail-covered altar of Cheibriados.
  3629 | D:6      | Found an iron altar of Okawaru.
  3634 | D:6      | Found an ornate altar of the Wu Jian Council.
  3868 | D:7      | Reached skill level 5 in Fighting
  3868 | D:7      | Reached skill level 5 in Dodging
  3888 | D:7      | Found a staircase to the Ecumenical Temple.
  3906 | D:7      | Reached skill level 1 in Armour
  3911 | Temple   | Entered the Ecumenical Temple
  3977 | D:7      | Reached skill level 9 in Unarmed Combat
  3977 | D:7      | Reached XP level 9. HP: 68/88 MP: 8/8
  4126 | D:7      | Found a runed translucent door.
  4127 | D:7      | Noticed Crazy Yiuf
  4196 | D:7      | Killed Crazy Yiuf
  4324 | D:7      | Found a burning altar of Makhleb.
  4414 | D:7      | Found a runed translucent door.
  4414 | D:7      | Noticed ohad's ghost (novice OpTm)
  4422 | D:7      | Killed ohad's ghost
  4541 | D:8      | Noticed a two-headed ogre
  4544 | D:8      | Killed a two-headed ogre
  4607 | D:8      | Found a shadowy altar of Dithmenos.
  4813 | D:8      | Reached XP level 10. HP: 100/100 MP: 9/9
  4992 | D:9      | Found a staircase to the Orcish Mines.
  5019 | D:9      | Reached skill level 10 in Unarmed Combat
  5131 | D:9      | Noticed Pikel
  5217 | D:9      | Noticed a two-headed ogre
  5233 | D:9      | Killed a two-headed ogre
  5278 | D:9      | Found an ancient bone altar of Kikubaaqudgha.
  5281 | D:9      | Found a blossoming altar of Fedhas.
  5289 | D:9      | Killed Pikel
  5357 | D:9      | Found a white marble altar of Elyvilon.
  5691 | D:10     | Entered Level 10 of the Dungeon
  5787 | D:10     | Noticed a two-headed ogre
  5789 | D:10     | Noticed a faun
  5789 | D:10     | a two-headed ogre changed into a faun
  5800 | D:10     | Killed a faun
  5800 | D:10     | Reached skill level 1 in Shields
  5878 | D:10     | Reached skill level 5 in Armour
  5947 | D:10     | Noticed an unseen horror
  5950 | D:10     | Killed an unseen horror
  5950 | D:10     | Reached XP level 11. HP: 60/109 MP: 10/10
  6091 | D:10     | Reached skill level 11 in Unarmed Combat
  6285 | D:10     | Found a glowing golden altar of the Shining One.
  6319 | D:10     | Noticed Urug
  6337 | D:10     | Killed Urug
  6357 | D:10     | Noticed Harold
  6376 | D:10     | Killed Harold
  6720 | D:10     | Noticed Maurice
  6742 | D:10     | Killed Maurice
  6933 | D:11     | Noticed a white ugly thing
  6950 | D:11     | Killed a white ugly thing
  6971 | D:11     | Noticed a cyan ugly thing
  6987 | D:11     | Killed a cyan ugly thing
  7102 | D:11     | Noticed a green ugly thing
  7118 | D:11     | Killed a green ugly thing
  7281 | D:11     | Killed an unseen horror
  7311 | D:11     | Noticed a green ugly thing
  7319 | D:11     | Killed a green ugly thing
  7436 | D:11     | Found a shattered altar of Ashenzari.
  7618 | D:11     | Reached XP level 12. HP: 122/122 MP: 11/11
  7813 | D:11     | Found a staircase to the Lair.
  8067 | Lair:1   | Entered Level 1 of the Lair of Beasts
  8802 | Lair:2   | Reached skill level 12 in Unarmed Combat
  8819 | Lair:2   | Reached skill level 5 in Shields
  9010 | Lair:3   | Noticed a seven-headed hydra
  9220 | Lair:3   | Noticed a six-headed hydra
  9386 | Lair:4   | Found a staircase to the Snake Pit.
  9480 | Lair:4   | Noticed a seven-headed hydra
  9491 | Lair:4   | Killed a seven-headed hydra
  9575 | Lair:4   | Found the amulet of Vitality {Regen+ HP+15}
 10097 | Lair:4   | Found a staircase to the Shoals.
 10183 | Lair:5   | Noticed a seven-headed hydra
 10198 | Lair:5   | HP: 6/138 [11-headed hydra (3)]
 10198 | Lair:5   | Slain by an 11-headed hydra

Skill      XL: |  1  2  3  4  5  6  7  8  9 10 11 12 |
---------------+-------------------------------------+-----
Unarmed Combat | 4 5 6 7 8 9 10 11 12 | 12.1
Fighting       | 3 4 5 6 7 8 9 |  9.1
Dodging        | 3 4 5 6 7 8 9 |  9.0
Armour         | 1 3 5 6 |  6.0
Shields        | 1 4 6 |  6.6
Stealth        | |  1.0

Action                   |  1- 3 |  4- 6 |  7- 9 | 10-12 || total
-------------------------+-------+-------+-------+-------++-------
Melee: Unarmed           |    98 |   167 |   256 |   663 ||  1184
       Punch             |     3 |     2 |    12 |     6 ||    23
Evoke: Wand              |       |     2 |     2 |     6 ||    10
  Use: Scroll            |       |     6 |     5 |     9 ||    20
       Potion            |       |       |       |     9 ||     9
 Stab: Sleeping          |     2 |     5 |     6 |     3 ||    16
       Confused          |       |       |       |     1 ||     1
       Invisible         |       |       |       |     1 ||     1
  Eat: Chunk             |     5 |    17 |    21 |    50 ||    93
Armor: Robe              |    60 |    46 |    73 |    40 ||   219
       Troll leather arm |       |       |       |    90 ||    90
       Skin              |       |       |       |    23 ||    23
Dodge: Dodged            |    73 |    55 |   141 |   193 ||   462
Block: Large shield      |       |       |       |   381 ||   381
